 Dungeon Crawl Stone Soup version 0.27-a0-681-g0c81a3c1c3 (webtiles) character file.

Game seed: 8163543600455539648

618 sizableburger the Bolt Thrower (level 7, -3/51 HPs)
             Began as a Human Hunter on Mar 19, 2021.
             Was a Believer of Fedhas.
             Shot with an arrow by a centaur (12 damage)
             ... on level 5 of the Dungeon.
             The game lasted 00:13:09 (4026 turns).

sizableburger the Bolt Thrower (Human Hunter)       Turns: 4026, Time: 00:13:10

Health: -3/51      AC:  4    Str: 14      XL:     7   Next: 74%
Magic:  9/9        EV: 14    Int: 10 (11) God:    Fedhas [**....]
Gold:   237        SH:  0    Dex: 20      Spells: 6/6 levels left

rFire    + . .     SeeInvis .   h - +2 short sword (elec)
rCold    . . .     Faith    .   (no shield)
rNeg     . . .     Spirit   .   c - +0 leather armour
rPois    .         Reflect  .   (no helmet)
rElec    .         Harm     .   (no cloak)
rCorr    .         Rampage  .   p - +0 pair of gloves
Will     +....     Clarity  +   (no boots)
Stlth    ++........             f - amulet of regeneration
HPRegen  1.17/turn              j - +6 ring of dexterity
MPRegen  0.11/turn              b - ring of protection from fire

@: no status effects
A: talons 1, clarity, deterioration 1, strong-willed 1
a: Renounce Religion, Wall of Briars


You were on level 5 of the Dungeon.
You worshipped Fedhas.
Fedhas was pleased with you.
You visited 1 branch of the dungeon, and saw 5 of its levels.

You collected 237 gold pieces.

Inventory:

Hand Weapons
 a - a +1 hand crossbow
 h - a +2 short sword of electrocution (weapon)
Missiles
 d - 37 bolts
Armour
 c - a +0 leather armour (worn)
 o - a +0 chain mail
 p - a +0 pair of gloves (worn)
Jewellery
 b - a ring of protection from fire (left hand)
 f - an amulet of regeneration (around neck)
 j - a +6 ring of dexterity (right hand)
 k - a ring of protection from cold
 r - a ring of see invisible
Scrolls
 i - 5 scrolls of identify {unknown}
 l - 2 scrolls of teleportation
 n - a scroll of summoning {unknown}
 s - a scroll of holy word {unknown}
Potions
 e - 2 potions of flight
 g - a potion of mutation
 q - a potion of might {unknown}


   Skills:
 - Level 2.3 Fighting
 + Level 3.7 Short Blades
 + Level 5.6 Crossbows
 - Level 0.2 Armour
 + Level 4.2 Dodging
 - Level 1.0 Stealth
 + Level 3.6 Invocations


You had 6 spell levels left.
You didn't know any spells.
Your spell library contained the following spells:

 Spells                   Type           Power      Damage    Failure   Level
 Beastly Appendage        Tmut           0%         N/A       43%         1
 Wereblood                Tmut           0%         N/A       58%         2
 Spider Form              Tmut/Pois      0%         N/A       82%         3
 Ice Form                 Ice/Tmut       0%         N/A       99%         4
 Blade Hands              Tmut           0%         N/A       100%        5


Dungeon Overview and Level Annotations

Branches:
Dungeon (5/15)
 Temple: D:4-7

Altars:
Fedhas
Kikubaaqudgha
Okawaru
Ru

Shops:
D:1 =

Annotations:
D:5 1 transporter, Pooter's ghost, novice DDFi


Innate Abilities, Weirdness & Mutations

You have sharp toenails.
You possess an exceptional clarity of mind.
Your body sometimes deteriorates upon taking damage.
You are strong-willed. (Will+)


Message History

You catch the helpless jackal skeleton completely off-guard!
You puncture the jackal skeleton!
You destroy the jackal skeleton!
Fedhas accepts your kill.
No target in view!
You see here a +0 hunting sling.
Found a transporter.
Found 22 stones.
Pooter's ghost turns its malevolent gaze towards you.
You hear a chilling moan. x3
Found a crude leather armour.
The quasit gives a chilling moan.
Pooter's ghost shouts, "You will never get the ORB!"
Found a mace.
Found a stone staircase leading up.
A centaur and a zombie come into view.
The quasit gives a chilling moan.
Found 23 stones.
There are monsters nearby!
The centaur shouts!
The centaur wields a +0 shortbow.
The centaur shoots an arrow.
The arrow barely misses you.
The centaur shoots an arrow.
The arrow hits you!
The centaur shoots an arrow.
The arrow hits you! The bullfrog zombie closely misses you.
The centaur shoots an arrow.
The arrow hits you!
Okay, then.
Okay, then.
It was a potion of flight.
You feel very buoyant.
You fly up into the air.
The bullfrog zombie hits you.
The centaur shoots an arrow.
The arrow hits you!
* * * LOW HITPOINT WARNING * * *
Your body deteriorates!
You feel dopey.
It was a potion of cancellation.
Your magical effects are unravelling.
You feel magically purged.
You float gracefully downwards.
The centaur shoots an arrow.
The arrow hits you!
You die...
Fedhas appreciates your contribution to the ecosystem.

### ###.#....
#... ...#....#
#.#.##.......#
#...#.(.......
..c.<......#
#........#
#.)Z....#
#.@...# .#
##....# .
##...# .# .#
##..##.# .. ..
#...#5#55. .
#..©#[=.©# ..
##..#..#.?.#.
.#
#.##.....#.##.#
#.#..#.#...#..#


You could see a centaur and a bullfrog zombie.

Vanquished Creatures
  2 ogres (D:4)
  3 scorpions
  2 hounds
  2 bullfrog skeletons (D:4)
  A worker ant (D:4)
  4 adders
  3 gnolls (D:4)
  An ooze (D:2)
  A worm (D:4)
  4 dart slugs
  2 leopard geckos (D:2)
  7 orcs
  2 ball pythons (D:3)
  4 bat skeletons (D:4)
  2 bat zombies (D:4)
  4 giant cockroaches
  8 goblins
  5 hobgoblins
  3 kobolds (D:3)
  A quokka (D:2)
  7 bats
  6 frilled lizards
  A jackal skeleton (D:5)
  5 rats
80 creatures vanquished.

Vanquished Creatures (others)
  A plant (D:2)
1 creature vanquished.

Grand Total: 81 creatures vanquished

Notes
Turn   | Place    | Note
-------+----------+-------------------------------------------
     0 | D:1      | sizableburger the Human Hunter began the quest for the Orb.
     0 | D:1      | Reached XP level 1. HP: 16/16 MP: 1/1
   189 | D:1      | Reached XP level 2. HP: 22/22 MP: 2/2
   239 | D:1      | You fall into a shaft and drop 1 floor!
   662 | D:2      | Found a blossoming altar of Fedhas.
   693 | D:2      | Became a worshipper of Fedhas Madash
   718 | D:2      | Found an iron altar of Okawaru.
   790 | D:2      | Reached skill level 1 in Short Blades
   790 | D:2      | Reached XP level 3. HP: 27/27 MP: 3/3
   834 | D:2      | Gained mutation: Your body sometimes deteriorates upon
                  | taking damage. [potion of mutation]
   834 | D:2      | Gained mutation: You possess an exceptional clarity of
                  | mind. [potion of mutation]
   834 | D:2      | Gained mutation: You have sharp toenails. [potion of
                  | mutation]
   834 | D:2      | Gained mutation: You are strong-willed. (Will+) [potion of
                  | mutation]
  1060 | D:2      | Reached skill level 1 in Invocations
  1060 | D:2      | Reached XP level 4. HP: 26/33 MP: 4/4
  1812 | D:1      | Found Moreono's Jewellery Shop.
  2417 | D:3      | Reached XP level 5. HP: 39/39 MP: 5/5
  2594 | D:3      | Reached * piety under Fedhas
  3163 | D:4      | Identified the +3 whip "Hanucor" {freeze, +Fly Dex+4}
  3326 | D:4      | Reached XP level 6. HP: 42/45 MP: 7/7
  3426 | D:4      | Reached skill level 5 in Crossbows
  3488 | D:4      | Noticed an ogre
  3536 | D:4      | Killed an ogre
  3537 | D:4      | Reached XP level 7. HP: 51/51 MP: 9/9
  3640 | D:4      | Found an ancient bone altar of Kikubaaqudgha.
  3719 | D:4      | Reached ** piety under Fedhas
  3914 | D:5      | Entered Level 5 of the Dungeon
  3914 | D:5      | Found a sacrificial altar of Ru.
  4013 | D:5      | Found a transporter.
  4017 | D:5      | Noticed Pooter's ghost (novice DDFi)
  4026 | D:5      | Shot with an arrow by a centaur

Illustrated notes

Levels and vault maps discovered:
D:1:      giann_forest_graveyard, layout_loops_cross, serial_shops, shop
D:2:      layout_basic, okawaru_metal_pillars_3, fedhas_altar_1
D:3:      layout_loops_cross
D:4:      layout_gridville, kennysheep_vampire_church
D:5:      layout_loops_ring, kennysheep_mini_moat, general_overflow_altar,
          nicolae_vehumet_altar_sigil, minmay_temple_entry_enclosed_plants,
          gammafunk_ghost_stat_death, nicolae_ru_awakened_eye

Skill      XL: |  1  2  3  4  5  6  7 |
---------------+----------------------+-----
Short Blades   | 1 2 3 |  3.7
Invocations    | 1 2 3 |  3.6
Dodging        | 3 4 |  4.2
Crossbows      | 5 |  5.6
Fighting       | |  2.3
Armour         | |  0.2
Stealth        | |  1.0

Action                   |  1- 3 |  4- 6 |  7- 9 || total
-------------------------+-------+-------+-------++-------
Melee: Short sword       |    18 |    78 |    36 ||   132
       Kick              |       |    21 |    19 ||    40
 Fire: Hand crossbow     |    42 |    54 |     9 ||   105
  Use: Scroll            |     3 |     1 |       ||     4
       Potion            |     3 |       |     2 ||     5
 Stab: Sleeping          |     1 |     3 |       ||     4
       Distracted        |       |       |     1 ||     1
Armor: Leather armour    |    15 |     9 |     9 ||    33
Dodge: Dodged            |    35 |    51 |    32 ||   118

Table legend: (Time is in decaauts)
 A = Elapsed time spent in this place.
 B = Non-inter-level travel time spent in this place.
 C = Inter-level travel time spent in this place.
 D = Time resting spent in this place.
 E = Time spent auto-exploring this place.
 F = Levels seen in this place.
 G = Mean time per level.
                   A        B        C        D        E       F      G
               +--------+--------+--------+--------+--------+-----+--------+
         Total |   4033 |   3906 |    127 |    906 |   2177 |   5 |  806.6 |
       Dungeon |   4033 |   3906 |    127 |    906 |   2177 |   5 |  806.6 |
               +--------+--------+--------+--------+--------+-----+--------+

Top non-repeatable levels by time:
     D:2: 1525 daAuts
     D:1: 830 daAuts
     D:3: 803 daAuts
     D:4: 762 daAuts
     D:5: 111 daAuts
